Map: 虚空训练第3关

Players

平步青云 - Winner!

  • Race: Terran Terran

玩家2

  • Race: Terran Terran

VOD

Have the link to the VOD?

Description

Time

  • Played on: Dec. 25, 2015, 7:29 a.m.
  • Length: 11:37
Show
View Real Time Build Order
Export as new Build Order

平步青云 Terran - Winner!

Build Orders:  

Get SALT Encoding   

  12  0:01  SCV  
  13  0:13  SCV  
  14  0:23  Supply Depot  
  14  0:25  SCV  
  15  0:44  SCV  
  16  0:50  Barracks  
  16  0:57  SCV  
  17  1:09  SCV  
  18  1:13  Refinery  
  18  1:21  SCV  
  19  1:34  SCV  
  20  1:43  Supply Depot  
  20  1:45  Marine  
  21  1:49  SCV  
  22  1:58  Refinery  
  22  2:03  Marine  
  23  2:15  Supply Depot  
  23  2:22  Marine  
  24  2:35  Barracks  
  24  2:39  Supply Depot  
  24  2:42  Barracks Tech Lab  
  24  2:58  SCV  
  25  3:10  SCV  
  25  3:11  Combat Shields  
  26  3:13  Marine  
  27  3:22  SCV  
  27  3:23  Factory  
  28  3:31  Command Center  
  28  3:40  Marauder  
  31  3:45  Barracks Reactor  
  30  3:55  Orbital Command  
  30  4:08  Factory, Marauder  
  34  4:17  Hellion  
  34  4:28  Supply Depot  
  34  4:31  SCV  
  35  4:43  SCV, Marine  
  35  4:45  Marauder, Marine  
  40  4:55  SCV  
  40  4:59  Factory Tech Lab  
  41  5:02  Factory Tech Lab  
  41  5:25  SCV  
  42  5:28  SCV  
  43  5:37  SCV  
  43  5:41  SCV  
  45  5:49  SCV  
  46  5:53  SCV  
  46  5:55  Supply Depot  
  47  5:57  Marauder  
  47  5:59  Marine x2  
  47  6:01  SCV, Siege Tank  
  47  6:02  Siege Tank  
  58  6:05  SCV  
  59  6:13  SCV  
  59  6:17  SCV, Marine x2  
  63  6:19  Marauder  
  65  6:26  Starport  
  65  6:37  SCV  
  66  6:40  Marauder  
  66  6:42  Refinery  
  66  6:46  Refinery  
  68  6:49  SCV  
  68  6:53  Supply Depot  
  69  6:57  Marine x2  
  69  7:00  Siege Tank x2  
  77  7:04  Starport  
  77  7:14  Marine  
  77  7:15  Marauder, Marine  
  81  7:16  Supply Depot  
  81  7:17  Engineering Bay  
  79  7:32  Siege Tank, Marine  
  79  7:36  Marauder  
  77  7:39  Supply Depot  
  70  7:58  Siege Tank, Marauder  
  65  8:02  Supply Depot  
  65  8:04  Siege Tank  
  70  8:09  Supply Depot  
  70  8:25  Command Center, Viking  
  70  8:26  Viking  
  74  8:31  Siege Tank, Marauder  
  74  8:32  Marine x2  
  81  8:42  SCV  
  82  8:53  Marauder  
  82  8:54  SCV  
  85  8:58  Marine x2  
  85  9:00  Siege Tank  
  90  9:03  Viking  
  92  9:14  Marauder  
  92  9:16  Marine x2  
  96  9:23  Hellion  
  98  9:33  Hellion, Viking, Marine  
  98  9:34  Marine  
  98  9:35  Marine  
  105  9:40  Supply Depot  
  105  9:44  Hellion  
  107  9:51  Marine  
  108  9:54  Hellion  
  110  10:03  Supply Depot  
  110  10:05  Marine  
  110  10:06  Marine  
  112  10:08  Hellion, Viking  
  112  10:09  Marine  
  117  10:15  Hellion  
  119  10:23  Marine  
  115  10:38  Viking, Marauder  
  115  10:39  Marine  
  115  10:41  Siege Tank x2, Marine  
  127  10:57  Marine  
  127  11:00  Marauder  
Show
View Real Time Build Order
Export as new Build Order

玩家2 Terran 

Build Orders:  

Get SALT Encoding   

  12  0:00  SCV  
  13  0:13  SCV  
  14  0:20  Supply Depot  
  14  0:25  SCV  
  15  0:42  SCV  
  16  0:44  Barracks  
  16  0:50  Refinery  
  16  0:54  SCV  
  17  1:06  SCV  
  18  1:15  Supply Depot  
  18  1:31  Marine  
  19  1:35  Barracks, Orbital Command  
  19  1:45  Refinery  
  19  1:50  Barracks Tech Lab  
  19  2:08  Marine  
  20  2:15  Supply Depot  
  20  2:26  Marine  
  21  2:32  Marine  
  22  2:45  Marine  
  22  2:46  Supply Depot  
  23  2:57  SCV, Marine  
  25  3:09  Marine  
  25  3:10  SCV  
  25  3:11  Engineering Bay  
  27  3:21  Marine  
  27  3:22  SCV  
  29  3:34  SCV, Marauder  
  32  3:46  SCV, Marine  
  34  3:49  Supply Depot  
  34  3:58  SCV, Marauder  
  37  4:20  Marauder  
  39  4:41  Marauder  
  41  6:34  Barracks Tech Lab, Marine  
  41  6:36  Factory  
  42  6:40  Factory  
  42  6:42  Command Center, Missile Turret  
  42  6:44  Missile Turret  
  42  6:45  Ghost Academy  
  42  6:48  Sensor Tower  
  42  6:52  Barracks  
  42  7:02  SCV  
  42  7:05  Bunker  
  42  7:15  Ghost  
  44  7:24  Factory Tech Lab x2, Starport  
  44  7:25  Armory  
  44  7:37  Marine  
  44  7:38  Barracks Reactor  
  44  7:54  Marine  
  44  7:55  SCV  
  44  7:56  Refinery  
  44  7:57  SCV  
  38  8:04  Marauder  
  33  8:06  Missile Turret, Starport Tech Lab  
  33  8:07  SCV, Missile Turret  
  33  8:08  Refinery  
  33  8:10  SCV  
  35  8:13  Marine  
  35  8:19  SCV  
  37  8:22  SCV, Marine  
  37  8:25  Raven  
  37  8:26  Bunker  
  41  8:31  SCV, Marine  
  41  8:34  SCV  
  44  8:41  Marine  
  45  8:43  SCV  
  45  8:46  SCV  
  47  8:50  Marine  
  47  8:55  SCV  
  49  8:58  SCV  
  49  8:59  Marine  
  51  9:07  SCV  
  51  9:08  Raven  
  51  9:09  Marauder  
  56  9:10  SCV  
  56  9:14  Supply Depot  
  57  9:18  Marauder  
  57  9:19  SCV  
  57  9:22  SCV  
  61  9:27  Marine  
  62  9:31  SCV  
  62  9:34  SCV  
  62  9:37  Marauder  
  66  9:43  SCV  
  67  9:46  SCV  
  68  9:56  SCV  
  68  9:58  SCV  
  69  10:02  Supply Depot  
  69  10:08  SCV  
  69  10:27  Marine  
  68  10:33  Raven  
  68  10:35  Hellion  
  55  10:41  SCV  
  55  10:42  Marauder  
  51  10:48  Supply Depot  
  36  10:50  Marauder  
  36  10:53  SCV  
  30  10:57  Hellion  
  30  11:02  Marine  
  31  11:04  Starport  
  31  11:05  SCV  
  31  11:08  Marine  
  31  11:14  Marine  
  31  11:18  SCV  
  33  11:19  Command Center, Marine  
Tags
 
Add a new tag
Caveats
  • Supply blocks, unpowered buildings, or Contaminate may cause inaccurate times.
  • Supply counts are checked every 10 seconds.